Canadiens vs Blackhawks
(R1)
Created - November 9, 2020 at 19:31
Goals
|
| Canadiens |
1 |
1 |
1 |
3 |
| Blackhawks |
1 |
1 |
0 |
2 |
|
Shots
|
| Canadiens |
12 |
8 |
7 |
27 |
| Blackhawks |
8 |
11 |
10 |
29 |
|
1st period
1. Canadiens , Corey Perry 5 (Greg Stewart 5, Cameron Gaunce 2) at 16:22
2. Blackhawks , Tim Connolly 3 (Nathan Horton 2, Dougie Hamilton 4) at 19:44 (PP)
Penalties :
Shea Weber (Chi) for Interference (Minor) at 0:23, Corey Perry (Mon) for Holding (Minor) at 18:39
2nd period
3. Blackhawks , Chris Kreider 3 (Derick Brassard 7) at 3:22 (PP)
4. Canadiens , Viktor Stalberg 1 (Dustin Boyd 2, Greg Stewart 6) at 19:03
Penalties :
Greg Stewart (Mon) for Roughing (Minor) at 3:18, Colton Parayko (Mon) for Tripping (Minor) at 3:40, Antoine Roussel (Chi) for Hooking (Minor) at 9:32, Brad Boyes (Chi) for Roughing (Minor) at 13:13, Jordan Szwarz (Mon) for Roughing (Minor) at 16:27, Shea Weber (Chi) for Hooking (Minor) at 16:47, Mark Stuart (Mon) for Roughing (Minor) at 19:32
3rd period
5. Canadiens , Frans Nielsen 3 (Benoit Pouliot 6, Kristers Gudlevskis) at 10:13
Penalties :
Dustin Boyd (Mon) for Tripping (Minor) at 7:30, Raphael Diaz (Mon) for Tripping (Minor) at 11:31, Chris Kreider (Chi) for Interference (Minor) at 15:27
Goalie Stats
Kristers Gudlevskis (Mon), 27 saves from 29 shots - (0.931), W, 3-3-2, 60:00 minutes
Jonas Gustavsson (Chi), 24 saves from 27 shots - (0.889), L, 3-2-0, 60:00 minutes
Players Stats for Canadiens
Player Name G A P +/- PIM S H SB GA TA FO MP PP MP PK MP
------------------------------------------------------------------------------------
Benoit Pouliot 0 1 1 0 0 0 2 0 1 0 0/0 16:42 3:42 3:23
Brett Maclean 0 0 0 0 0 1 0 0 1 0 0/2 11:06 0:02 1:57
Bryce Lampman 0 0 0 0 0 2 1 2 0 2 0/0 28:12 5:23 5:58
Cameron Gaunce 0 1 1 3 0 0 1 0 0 1 0/0 14:25 0:00 2:08
Colton Parayko 0 0 0 0 2 4 2 2 0 0 0/0 25:33 5:23 3:58
Corey Perry 1 0 1 2 2 4 4 1 0 0 3/10 22:43 3:41 4:44
David Pastrnak 0 0 0 0 0 4 2 0 1 0 0/0 14:02 4:31 0:00
Dustin Boyd 0 1 1 1 2 0 1 0 1 0 2/5 10:11 0:04 0:49
Frans Nielsen 1 0 1 0 0 1 2 0 1 1 6/14 13:04 3:41 0:14
Greg Stewart 0 2 2 2 2 1 1 1 1 0 1/1 20:39 4:32 2:11
Henrik Sedin 0 0 0 2 0 3 0 0 0 0 13/27 24:30 4:31 5:32
Jordan Szwarz 0 0 0 0 2 1 1 0 1 0 0/0 8:49 0:04 0:00
Mark Stuart 0 0 0 0 2 0 1 1 0 1 0/0 20:36 2:53 3:52
Nikolai Zherdev 0 0 0 1 0 0 2 0 0 0 0/0 9:08 0:00 0:00
Philip Larsen 0 0 0 3 0 0 0 0 0 1 0/0 12:17 0:00 0:00
Pierre-Marc Bouchard 0 0 0 0 0 3 0 1 0 0 5/5 8:46 0:00 0:00
Raphael Diaz 0 0 0 0 2 0 0 1 0 0 0/0 18:58 2:53 2:54
Viktor Stalberg 1 0 1 1 0 3 0 0 0 0 0/0 9:08 0:00 0:00
Players Stats for Blackhawks
Player Name G A P +/- PIM S H SB GA TA FO MP PP MP PK MP
------------------------------------------------------------------------------------
Alexander Wennberg 0 0 0 0 0 0 0 0 0 0 1/4 7:31 0:00 0:00
Antoine Roussel 0 0 0 -2 2 0 3 0 0 0 0/2 16:02 3:40 0:00
Brad Boyes 0 0 0 -2 2 1 2 0 0 2 0/1 15:08 3:40 0:00
Chris Kreider 1 0 1 0 2 7 5 0 0 0 1/1 19:57 5:37 0:28
Cody Hodgson 0 0 0 -2 0 3 0 1 0 0 5/10 13:06 0:00 1:03
Derick Brassard 0 1 1 0 0 5 0 2 0 0 23/33 22:13 5:37 2:31
Dougie Hamilton 0 1 1 -1 0 1 1 0 0 0 0/0 17:11 4:46 0:11
Gabriel Bourque 0 0 0 0 0 0 0 0 0 1 0/0 9:13 0:00 0:27
Garnet Hathaway 0 0 0 0 0 1 0 1 0 0 0/0 7:39 0:08 0:00
John Carlson 0 0 0 -2 0 4 1 5 4 0 0/0 28:47 4:32 5:13
Matthew Spiller 0 0 0 0 0 0 0 2 0 1 0/0 15:09 0:07 3:03
Nathan Horton 0 1 1 0 0 1 0 0 0 0 0/0 7:52 0:08 0:00
Nick Leddy 0 0 0 -2 0 0 2 2 1 0 0/0 17:38 4:46 1:17
Patrick Marleau 0 0 0 -1 0 0 1 1 0 0 0/0 12:05 0:00 4:43
Rick Nash 0 0 0 0 0 2 0 0 1 1 0/0 21:11 5:37 2:24
Seth Jones 0 0 0 0 0 2 1 0 0 1 0/0 15:04 0:07 2:59
Shea Weber 0 0 0 -2 4 0 3 2 0 1 0/0 26:50 4:31 3:49
Tim Connolly 1 0 1 -1 0 2 1 0 0 0 4/13 17:24 3:48 4:56
3 Stars
1 - Corey Perry (Mon)
2 - Cameron Gaunce (Mon)
3 - Greg Stewart (Mon)
Power Play
Canadiens - 0 on 5 Attempt(s) - 0.00%
Blackhawks - 2 on 7 Attempt(s) - 28.57%
Penalty Kill
Canadiens - 5 on 7 Attempt(s) - 71.43%
- Score 0 goal in Penalty Kill
Blackhawks - 5 on 5 Attempt(s) - 100.00%
- Score 0 goal in Penalty Kill
Team Stat
Canadiens - Hits : 20 - Faceoff Wins : 30 - Blocked Shots : 9 - Penalty Minutes : 14
Blackhawks - Hits : 20 - Faceoff Wins : 34 - Blocked Shots : 16 - Penalty Minutes : 10
Official
Referees : Unknown
Linesman : Unknown
Game Notes
No Game Note
Finance
Level 1 -- Attendance: 6000 (100.00%) -- Ticket Income $582,000
Level 2 -- Attendance: 5000 (100.00%) -- Ticket Income $325,000
Level 3 -- Attendance: 2000 (100.00%) -- Ticket Income $80,000
Level 4 -- Attendance: 3852 (96.30%) -- Ticket Income $96,300
Luxury Box -- Attendance: 899 (89.90%) -- Ticket Income $161,820
Game was played at the Rexall Place.
Total Attendance: 17751 (98.62%)
Total Ticket Income: $1,245,120
Other Income: $186,768
Total Income: $1,431,888
Canadiens
5 vs 5 Forward
Center Left Wing Right Wing Time % Phy DF OF
1 Henrik Sedin Greg Stewart Corey Perry 40 1 2 2
2 Frans Nielsen Benoit Pouliot David Pastrnak 30 1 2 2
3 Pierre-Marc Bouchard Brett Maclean Jordan Szwarz 20 1 2 2
4 Dustin Boyd Viktor Stalberg Nikolai Zherdev 10 1 2 2
5 vs 5 Defense
Defense Defense Time % Phy DF OF
1 Colton Parayko Bryce Lampman 40 1 2 2
2 Mark Stuart Raphael Diaz 30 1 2 2
3 Philip Larsen Cameron Gaunce 20 1 2 2
4 Colton Parayko Bryce Lampman 10 1 2 2
PowerPlay Forward
Center Left Wing Right Wing Time % Phy DF OF
1 Henrik Sedin Greg Stewart David Pastrnak 60 1 2 2
2 Frans Nielsen Benoit Pouliot Corey Perry 40 1 2 2
PowerPlay Defense
Defense Defense Time % Phy DF OF
1 Colton Parayko Bryce Lampman 60 1 2 2
2 Mark Stuart Raphael Diaz 40 1 2 2
Penalty Kill 4 Players Forward
Center Wing Time % Phy DF OF
1 Corey Perry Henrik Sedin 60 1 2 2
2 Greg Stewart Benoit Pouliot 40 1 2 2
Penalty Kill 4 Players Defense
Defense Defense Time % Phy DF OF
1 Colton Parayko Bryce Lampman 60 1 2 2
2 Mark Stuart Raphael Diaz 40 1 2 2
Penalty Kill - 3 Players Forward
Forward Time % Phy DF OF
1 Corey Perry 60 1 2 2
2 Henrik Sedin 40 1 2 2
Penalty Kill - 3 Players Defense
Defense Defense Time % Phy DF OF
1 Colton Parayko Bryce Lampman 60 1 2 2
2 Mark Stuart Raphael Diaz 40 1 2 2
4 vs 4 Forward
Center Wing Time % Phy DF OF
1 Corey Perry Henrik Sedin 60 1 2 2
2 Greg Stewart Benoit Pouliot 40 1 2 2
4 vs 4 Defense
Defense Defense Time % Phy DF OF
1 Colton Parayko Bryce Lampman 60 1 2 2
2 Mark Stuart Raphael Diaz 40 1 2 2
Last Minutes Offensive
Center Left Wing Right Wing Defense Defense
Henrik Sedin Greg Stewart Corey Perry Colton Parayko Bryce Lampman
Last Minutes Defensive
Center Left Wing Right Wing Defense Defense
Henrik Sedin Greg Stewart Corey Perry Colton Parayko Bryce Lampman
Goaltenders
Starting : Kristers Gudlevskis
Backup : Allen York
Extra Forwards
Normal : Corey Perry, David Pastrnak, Brett Maclean - PP : Corey Perry, David Pastrnak - PK : Brett Maclean
Extra Defensemen
Normal : Philip Larsen, Cameron Gaunce, Mark Stuart - PP : Philip Larsen - PK : Cameron Gaunce, Mark Stuart
Penalty Shots
Corey Perry, Henrik Sedin, Greg Stewart, Benoit Pouliot, Frans Nielsen
Scratches
Steve Downie (Abdomen/Ribs Injury), Nick Spaling (Herniated Disc Injury)
Blackhawks
5 vs 5 Forward
Center Left Wing Right Wing Time % Phy DF OF
1 Derick Brassard Chris Kreider Rick Nash 40 1 2 2
2 Cody Hodgson Antoine Roussel Brad Boyes 30 1 2 2
3 Tim Connolly Patrick Marleau Nathan Horton 20 1 2 2
4 Alexander Wennberg Gabriel Bourque Garnet Hathaway 10 1 2 2
5 vs 5 Defense
Defense Defense Time % Phy DF OF
1 John Carlson Shea Weber 40 1 2 2
2 Nick Leddy Dougie Hamilton 30 1 2 2
3 Matthew Spiller Seth Jones 20 1 2 2
4 John Carlson Shea Weber 10 1 2 2
PowerPlay Forward
Center Left Wing Right Wing Time % Phy DF OF
1 Derick Brassard Chris Kreider Rick Nash 60 1 2 2
2 Tim Connolly Antoine Roussel Brad Boyes 40 1 2 2
PowerPlay Defense
Defense Defense Time % Phy DF OF
1 John Carlson Shea Weber 60 1 2 2
2 Nick Leddy Dougie Hamilton 40 1 2 2
Penalty Kill 4 Players Forward
Center Wing Time % Phy DF OF
1 Tim Connolly Patrick Marleau 60 1 2 2
2 Derick Brassard Rick Nash 40 1 2 2
Penalty Kill 4 Players Defense
Defense Defense Time % Phy DF OF
1 John Carlson Shea Weber 60 1 2 2
2 Seth Jones Matthew Spiller 40 1 2 2
Penalty Kill - 3 Players Forward
Forward Time % Phy DF OF
1 Tim Connolly 60 1 2 2
2 Derick Brassard 40 1 2 2
Penalty Kill - 3 Players Defense
Defense Defense Time % Phy DF OF
1 John Carlson Shea Weber 60 1 2 2
2 Seth Jones Matthew Spiller 40 1 2 2
4 vs 4 Forward
Center Wing Time % Phy DF OF
1 Derick Brassard Antoine Roussel 60 1 2 2
2 Tim Connolly Patrick Marleau 40 1 2 2
4 vs 4 Defense
Defense Defense Time % Phy DF OF
1 John Carlson Dougie Hamilton 60 1 2 2
2 Seth Jones Shea Weber 40 1 2 2
Last Minutes Offensive
Center Left Wing Right Wing Defense Defense
Derick Brassard Chris Kreider Rick Nash John Carlson Shea Weber
Last Minutes Defensive
Center Left Wing Right Wing Defense Defense
Tim Connolly Chris Kreider Rick Nash John Carlson Shea Weber
Goaltenders
Starting : Jonas Gustavsson
Backup : Pekka Rinne
Extra Forwards
Normal : Nathan Horton, Cody Hodgson, Garnet Hathaway - PP : Cody Hodgson, Nathan Horton - PK : Cody Hodgson
Extra Defensemen
Normal : Matthew Spiller, Nick Leddy, Seth Jones - PP : Seth Jones - PK : Nick Leddy, Dougie Hamilton
Penalty Shots
Patrick Marleau, Antoine Roussel, Derick Brassard, Rick Nash, Chris Kreider
Scratches
None
% Time on Ice - Canadiens
Lines # - Real PCT - Wanted PCT - Time Play
Normal Forward
1 - 32% - 40% - 12:42
2 - 23% - 30% - 9:08
3 - 22% - 20% - 8:46
4 - 23% - 10% - 9:08
Normal Defense
1 - 37% - 40% - 14:36
2 - 29% - 30% - 11:36
3 - 31% - 20% - 12:17
4 - 3% - 10% - 1:15
PP Forward
1 - 55% - 60% - 4:35
2 - 45% - 40% - 3:41
PP Defense
1 - 65% - 60% - 5:23
2 - 35% - 40% - 2:53
PK Forward
1 - 81% - 60% - 7:35
2 - 19% - 40% - 1:50
PK Defense
1 - 57% - 60% - 5:22
2 - 43% - 40% - 4:03
PK3 Forward
1 - 0% - 60%
2 - 0% - 40%
PK3 Defense
1 - 0% - 60%
2 - 0% - 40%
44 Forward
1 - 78% - 60% - 1:17
2 - 22% - 40% - 0:22
44 Defense
1 - 60% - 60% - 0:59
2 - 40% - 40% - 0:40
Last Minute Offensive - 0:00
Last Minute Defensive - 0:56
Total
Forward - 60:00
Defense - 60:00
|
% Time on Ice - Blackhawks
Lines # - Real PCT - Wanted PCT - Time Play
Normal Forward
1 - 36% - 40% - 14:10
2 - 29% - 30% - 11:28
3 - 17% - 20% - 6:34
4 - 19% - 10% - 7:31
Normal Defense
1 - 43% - 40% - 17:14
2 - 26% - 30% - 10:21
3 - 27% - 20% - 10:32
4 - 4% - 10% - 1:36
PP Forward
1 - 60% - 60% - 5:37
2 - 40% - 40% - 3:48
PP Defense
1 - 49% - 60% - 4:39
2 - 51% - 40% - 4:46
PK Forward
1 - 71% - 60% - 5:52
2 - 29% - 40% - 2:24
PK Defense
1 - 64% - 60% - 5:17
2 - 36% - 40% - 2:59
PK3 Forward
1 - 0% - 60%
2 - 0% - 40%
PK3 Defense
1 - 0% - 60%
2 - 0% - 40%
44 Forward
1 - 69% - 60% - 1:08
2 - 31% - 40% - 0:31
44 Defense
1 - 56% - 60% - 0:55
2 - 44% - 40% - 0:44
Last Minute Offensive - 0:57
Last Minute Defensive - 0:00
Total
Forward - 60:00
Defense - 60:00
|
Play-by-Play
1st period
0:01 of 1st period - Derick Brassard wins face-off versus Henrik Sedin in neutral zone.
0:01 of 1st period - Derick Brassard is hit by Colton Parayko.
0:23 of 1st period - Minor Penalty to Shea Weber for Interference.
0:24 of 1st period - Tim Connolly wins face-off versus Henrik Sedin in Blackhawks zone.
0:37 of 1st period - Slapshot by John Carlson.
0:37 of 1st period - Deflect By Tim Connolly.
0:37 of 1st period - Stopped by Kristers Gudlevskis without a rebound.
0:38 of 1st period - Derick Brassard wins face-off versus Frans Nielsen in Canadiens zone.
1:09 of 1st period - Snap shot by David Pastrnak.
1:09 of 1st period - Stopped by Jonas Gustavsson with a rebound.
2:23 of 1st period - Penalty to Shea Weber is over, Shea Weber is back on ice.
2:36 of 1st period - Slapshot by Chris Kreider.
2:36 of 1st period - Shot Blocked by Colton Parayko.
3:35 of 1st period - Pierre-Marc Bouchard is hit by Chris Kreider.
4:15 of 1st period - Greg Stewart is hit by John Carlson and loses puck.
4:22 of 1st period - Garnet Hathaway is hit by Corey Perry and loses puck.
5:10 of 1st period - Icing by Cody Hodgson.
5:11 of 1st period - Pierre-Marc Bouchard wins face-off versus Cody Hodgson in Blackhawks zone.
5:12 of 1st period - Wrist shot by Jordan Szwarz.
5:12 of 1st period - Stopped by Jonas Gustavsson with a rebound.
5:18 of 1st period - Jordan Szwarz is hit by Antoine Roussel.
5:21 of 1st period - Off-side.
5:22 of 1st period - Henrik Sedin wins face-off versus Brad Boyes in neutral zone.
5:39 of 1st period - Wrist shot by Cody Hodgson.
5:39 of 1st period - Stopped by Kristers Gudlevskis without a rebound.
5:40 of 1st period - Frans Nielsen wins face-off versus Derick Brassard in Canadiens zone.
5:49 of 1st period - Snap shot by Benoit Pouliot.
5:49 of 1st period - Shot Misses the Net.
5:51 of 1st period - Slapshot by Bryce Lampman.
5:51 of 1st period - Shot Blocked by John Carlson.
5:53 of 1st period - Slapshot by Colton Parayko.
5:53 of 1st period - Stopped by Jonas Gustavsson without a rebound.
5:54 of 1st period - Derick Brassard wins face-off versus Henrik Sedin in Blackhawks zone.
6:32 of 1st period - Backhand shot by Corey Perry.
6:32 of 1st period - Shot Misses the Net.
6:34 of 1st period - Slapshot by Colton Parayko.
6:34 of 1st period - Stopped by Jonas Gustavsson with a rebound.
6:56 of 1st period - Snap shot by Chris Kreider.
6:56 of 1st period - Shot Blocked by Bryce Lampman.
7:32 of 1st period - Rick Nash is hit by Corey Perry and loses puck.
7:37 of 1st period - Snap shot by Corey Perry.
7:37 of 1st period - Stopped by Jonas Gustavsson without a rebound.
7:38 of 1st period - Cody Hodgson wins face-off versus Frans Nielsen in Blackhawks zone.
7:51 of 1st period - Snap shot by David Pastrnak.
7:51 of 1st period - Stopped by Jonas Gustavsson without a rebound.
7:52 of 1st period - Frans Nielsen wins face-off versus Cody Hodgson in Blackhawks zone.
8:17 of 1st period - Raphael Diaz is hit by Tim Connolly.
9:06 of 1st period - Antoine Roussel is hit by Mark Stuart and loses puck.
9:43 of 1st period - Backhand shot by Pierre-Marc Bouchard.
9:43 of 1st period - Stopped by Jonas Gustavsson with a rebound.
9:45 of 1st period - Snap shot by Philip Larsen.
9:45 of 1st period - Shot Misses the Net.
11:38 of 1st period - Snap shot by Cody Hodgson.
11:38 of 1st period - Stopped by Kristers Gudlevskis without a rebound.
11:39 of 1st period - Derick Brassard wins face-off versus Dustin Boyd in Canadiens zone.
11:42 of 1st period - Slapshot by Derick Brassard.
11:42 of 1st period - Stopped by Kristers Gudlevskis without a rebound.
11:43 of 1st period - Dustin Boyd wins face-off versus Derick Brassard in Canadiens zone.
12:16 of 1st period - Slapshot by John Carlson.
12:16 of 1st period - Shot Blocked by Corey Perry.
12:19 of 1st period - Icing by Philip Larsen.
12:20 of 1st period - Henrik Sedin wins face-off versus Tim Connolly in Canadiens zone.
12:20 of 1st period - Henrik Sedin is hit by Patrick Marleau.
12:35 of 1st period - Slapshot by Seth Jones.
12:35 of 1st period - Stopped by Kristers Gudlevskis without a rebound.
12:36 of 1st period - Derick Brassard wins face-off versus Frans Nielsen in Canadiens zone.
13:32 of 1st period - Dougie Hamilton is hit by Bryce Lampman and loses puck.
13:37 of 1st period - Snap shot by Pierre-Marc Bouchard.
13:37 of 1st period - Stopped by Jonas Gustavsson with a rebound.
13:39 of 1st period - Slapshot by Bryce Lampman.
13:39 of 1st period - Stopped by Jonas Gustavsson with a rebound.
14:09 of 1st period - Derick Brassard is hit by Frans Nielsen and loses puck.
14:35 of 1st period - Philip Larsen is hit by Antoine Roussel.
15:08 of 1st period - Icing by Raphael Diaz.
15:09 of 1st period - Dustin Boyd wins face-off versus Alexander Wennberg in Canadiens zone.
15:46 of 1st period - Snap shot by Frans Nielsen.
15:46 of 1st period - Shot Blocked by Shea Weber.
15:48 of 1st period - Wrist shot by Bryce Lampman.
15:48 of 1st period - Shot Blocked by John Carlson.
16:00 of 1st period - Snap shot by Dustin Boyd.
16:00 of 1st period - Shot Blocked by John Carlson.
16:02 of 1st period - Slapshot by Bryce Lampman.
16:02 of 1st period - Deflect By Chris Kreider.
16:02 of 1st period - Stopped by Jonas Gustavsson with a rebound.
16:10 of 1st period - Slapshot by Viktor Stalberg.
16:10 of 1st period - Stopped by Jonas Gustavsson without a rebound.
16:11 of 1st period - Cody Hodgson wins face-off versus Henrik Sedin in Blackhawks zone.
16:18 of 1st period - Slapshot by Greg Stewart.
16:18 of 1st period - Shot Blocked by Nick Leddy.
16:22 of 1st period - Snap shot by Greg Stewart.
16:22 of 1st period - Deflect By Corey Perry.
16:22 of 1st period - Goal by Corey Perry - Canadiens : 1 - Blackhawks : 0.
16:23 of 1st period - Frans Nielsen wins face-off versus Cody Hodgson in neutral zone.
16:50 of 1st period - Shea Weber is hit by Colton Parayko and loses puck.
17:01 of 1st period - Wrist shot by Pierre-Marc Bouchard.
17:01 of 1st period - Shot Blocked by John Carlson.
17:09 of 1st period - Slapshot by John Carlson.
17:09 of 1st period - Stopped by Kristers Gudlevskis with a rebound.
17:45 of 1st period - Cody Hodgson is hit by Nikolai Zherdev and loses puck.
18:10 of 1st period - Raphael Diaz is hit by Chris Kreider and loses puck.
18:39 of 1st period - Minor Penalty to Corey Perry for Holding.
18:40 of 1st period - Derick Brassard wins face-off versus Brett Maclean in Canadiens zone.
19:42 of 1st period - Slapshot by Nathan Horton.
19:42 of 1st period - Stopped by Kristers Gudlevskis with a rebound.
19:44 of 1st period - Slapshot by Tim Connolly.
19:44 of 1st period - Goal by Tim Connolly - Canadiens : 1 - Blackhawks : 1.
19:45 of 1st period - Tim Connolly wins face-off versus Henrik Sedin in neutral zone.
Goals for this period are 1 for Canadiens vs 1 for Blackhawks.
Shots for this period are 12 for Canadiens vs 8 for Blackhawks.
2nd period
0:01 of 2nd period - Henrik Sedin wins face-off versus Derick Brassard in neutral zone.
0:06 of 2nd period - Chris Kreider is hit by Corey Perry and loses puck.
1:19 of 2nd period - Slapshot by Bryce Lampman.
1:19 of 2nd period - Shot Hit the Post.
1:35 of 2nd period - Wrist shot by Derick Brassard.
1:35 of 2nd period - Shot Misses the Net.
1:51 of 2nd period - Raphael Diaz is hit by Nick Leddy.
2:18 of 2nd period - Wrist shot by Brad Boyes.
2:18 of 2nd period - Stopped by Kristers Gudlevskis without a rebound.
2:19 of 2nd period - Derick Brassard wins face-off versus Henrik Sedin in Canadiens zone.
2:22 of 2nd period - Snap shot by Derick Brassard.
2:22 of 2nd period - Stopped by Kristers Gudlevskis with a rebound.
2:24 of 2nd period - Snap shot by John Carlson.
2:24 of 2nd period - Shot Misses the Net.
2:26 of 2nd period - Snap shot by Rick Nash.
2:26 of 2nd period - Stopped by Kristers Gudlevskis with a rebound.
2:28 of 2nd period - Snap shot by Chris Kreider.
2:28 of 2nd period - Stopped by Kristers Gudlevskis without a rebound.
2:29 of 2nd period - Henrik Sedin wins face-off versus Derick Brassard in Canadiens zone.
2:44 of 2nd period - Slapshot by John Carlson.
2:44 of 2nd period - Stopped by Kristers Gudlevskis without a rebound.
2:45 of 2nd period - Tim Connolly wins face-off versus Frans Nielsen in Canadiens zone.
3:10 of 2nd period - Derick Brassard is hit by Greg Stewart and loses puck.
3:18 of 2nd period - Minor Penalty to Greg Stewart for Roughing.
3:19 of 2nd period - Derick Brassard wins face-off versus Corey Perry in Canadiens zone.
3:22 of 2nd period - Slapshot by Chris Kreider.
3:22 of 2nd period - Goal by Chris Kreider - Canadiens : 1 - Blackhawks : 2.
3:23 of 2nd period - Henrik Sedin wins face-off versus Derick Brassard in neutral zone.
3:28 of 2nd period - Slapshot by Greg Stewart.
3:28 of 2nd period - Deflect By Henrik Sedin.
3:28 of 2nd period - Stopped by Jonas Gustavsson without a rebound.
3:29 of 2nd period - Derick Brassard wins face-off versus Henrik Sedin in Blackhawks zone.
3:31 of 2nd period - Icing by John Carlson.
3:32 of 2nd period - Derick Brassard wins face-off versus Henrik Sedin in Blackhawks zone.
3:40 of 2nd period - Minor Penalty to Colton Parayko for Tripping.
3:41 of 2nd period - Corey Perry wins face-off versus Derick Brassard in Canadiens zone.
3:52 of 2nd period - Off-side.
3:53 of 2nd period - Derick Brassard wins face-off versus Corey Perry in neutral zone.
3:56 of 2nd period - Wrist shot by Chris Kreider.
3:56 of 2nd period - Shot Misses the Net.
5:06 of 2nd period - Henrik Sedin is hit by Chris Kreider and loses puck.
5:19 of 2nd period - Nick Leddy is hit by Benoit Pouliot and loses puck.
5:40 of 2nd period - Penalty to Colton Parayko is over, Colton Parayko is back on ice.
6:02 of 2nd period - Viktor Stalberg is hit by Shea Weber and loses puck.
6:17 of 2nd period - Slapshot by Pierre-Marc Bouchard.
6:17 of 2nd period - Stopped by Jonas Gustavsson without a rebound.
6:18 of 2nd period - Cody Hodgson wins face-off versus Brett Maclean in Blackhawks zone.
6:25 of 2nd period - Wrist shot by Antoine Roussel.
6:25 of 2nd period - Deflect By Cody Hodgson.
6:25 of 2nd period - Stopped by Kristers Gudlevskis without a rebound.
6:26 of 2nd period - Henrik Sedin wins face-off versus Cody Hodgson in Canadiens zone.
6:33 of 2nd period - Slapshot by Cameron Gaunce.
6:33 of 2nd period - Shot Blocked by Matthew Spiller.
6:35 of 2nd period - Snap shot by Greg Stewart.
6:35 of 2nd period - Shot Blocked by Matthew Spiller.
6:41 of 2nd period - Wrist shot by Corey Perry.
6:41 of 2nd period - Stopped by Jonas Gustavsson with a rebound.
6:43 of 2nd period - Snap shot by Philip Larsen.
6:43 of 2nd period - Shot Blocked by Cody Hodgson.
6:55 of 2nd period - Cameron Gaunce is hit by Chris Kreider and loses puck.
7:54 of 2nd period - Philip Larsen is hit by Shea Weber.
8:06 of 2nd period - Wrist shot by Nikolai Zherdev.
8:06 of 2nd period - Shot Blocked by Shea Weber.
8:12 of 2nd period - Shea Weber is hit by Nikolai Zherdev and loses puck.
8:43 of 2nd period - Slapshot by John Carlson.
8:43 of 2nd period - Stopped by Kristers Gudlevskis with a rebound.
8:47 of 2nd period - Slapshot by John Carlson.
8:47 of 2nd period - Deflect By Garnet Hathaway.
8:47 of 2nd period - Stopped by Kristers Gudlevskis without a rebound.
8:48 of 2nd period - Derick Brassard wins face-off versus Henrik Sedin in Canadiens zone.
8:56 of 2nd period - Off-side.
8:57 of 2nd period - Derick Brassard wins face-off versus Henrik Sedin in neutral zone.
9:16 of 2nd period - Slapshot by Greg Stewart.
9:16 of 2nd period - Shot Misses the Net.
9:18 of 2nd period - Slapshot by Colton Parayko.
9:18 of 2nd period - Shot Blocked by Derick Brassard.
9:20 of 2nd period - Wrist shot by Corey Perry.
9:20 of 2nd period - Shot Misses the Net.
9:28 of 2nd period - Wrist shot by Henrik Sedin.
9:28 of 2nd period - Stopped by Jonas Gustavsson without a rebound.
9:29 of 2nd period - Cody Hodgson wins face-off versus Frans Nielsen in Blackhawks zone.
9:29 of 2nd period - Cody Hodgson is hit by David Pastrnak.
9:32 of 2nd period - Minor Penalty to Antoine Roussel for Hooking.
9:33 of 2nd period - Greg Stewart wins face-off versus Tim Connolly in Blackhawks zone.
10:51 of 2nd period - Seth Jones is hit by Corey Perry and loses puck.
11:01 of 2nd period - Icing by Frans Nielsen.
11:02 of 2nd period - Frans Nielsen wins face-off versus Tim Connolly in Canadiens zone.
11:32 of 2nd period - Penalty to Antoine Roussel is over, Antoine Roussel is back on ice.
11:39 of 2nd period - Off-side.
11:40 of 2nd period - Pierre-Marc Bouchard wins face-off versus Antoine Roussel in neutral zone.
12:43 of 2nd period - Cody Hodgson is hit by Jordan Szwarz and loses puck.
12:48 of 2nd period - Snap shot by Jordan Szwarz.
12:48 of 2nd period - Shot Misses the Net.
13:06 of 2nd period - Wrist shot by Brett Maclean.
13:06 of 2nd period - Stopped by Jonas Gustavsson with a rebound.
13:13 of 2nd period - Minor Penalty to Brad Boyes for Roughing.
13:14 of 2nd period - Henrik Sedin wins face-off versus Tim Connolly in Blackhawks zone.
13:22 of 2nd period - Slapshot by Henrik Sedin.
13:22 of 2nd period - Stopped by Jonas Gustavsson without a rebound.
13:23 of 2nd period - Henrik Sedin wins face-off versus Tim Connolly in Blackhawks zone.
13:32 of 2nd period - Backhand shot by David Pastrnak.
13:32 of 2nd period - Shot Misses the Net.
13:34 of 2nd period - Slapshot by Colton Parayko.
13:34 of 2nd period - Stopped by Jonas Gustavsson without a rebound.
13:35 of 2nd period - Henrik Sedin wins face-off versus Tim Connolly in Blackhawks zone.
13:40 of 2nd period - Snap shot by Henrik Sedin.
13:40 of 2nd period - Shot Blocked by Patrick Marleau.
13:42 of 2nd period - Snap shot by Greg Stewart.
13:42 of 2nd period - Deflect By Henrik Sedin.
13:42 of 2nd period - Shot Misses the Net.
13:42 of 2nd period - Puck is out of play.
13:43 of 2nd period - Tim Connolly wins face-off versus Henrik Sedin in Blackhawks zone.
14:12 of 2nd period - Tim Connolly is hit by Benoit Pouliot and loses puck.
15:13 of 2nd period - Penalty to Brad Boyes is over, Brad Boyes is back on ice.
15:40 of 2nd period - Philip Larsen is hit by Antoine Roussel and loses puck.
16:05 of 2nd period - Philip Larsen is hit by Seth Jones and loses puck.
16:27 of 2nd period - Minor Penalty to Jordan Szwarz for Roughing.
16:28 of 2nd period - Derick Brassard wins face-off versus Corey Perry in Canadiens zone.
16:47 of 2nd period - Minor Penalty to Shea Weber for Hooking.
16:48 of 2nd period - Corey Perry wins face-off versus Derick Brassard in Blackhawks zone.
17:03 of 2nd period - Slapshot by John Carlson.
17:03 of 2nd period - Shot Misses the Net.
17:35 of 2nd period - Wrist shot by Benoit Pouliot.
17:35 of 2nd period - Shot Misses the Net.
18:27 of 2nd period - Penalty to Jordan Szwarz is over, Jordan Szwarz is back on ice.
18:47 of 2nd period - Penalty to Shea Weber is over, Shea Weber is back on ice.
19:01 of 2nd period - Wrist shot by Dustin Boyd.
19:01 of 2nd period - Shot Blocked by Nick Leddy.
19:03 of 2nd period - Snap shot by Viktor Stalberg.
19:03 of 2nd period - Goal by Viktor Stalberg - Canadiens : 2 - Blackhawks : 2.
19:04 of 2nd period - Derick Brassard wins face-off versus Frans Nielsen in neutral zone.
19:11 of 2nd period - Snap shot by Derick Brassard.
19:11 of 2nd period - Shot Misses the Net.
19:13 of 2nd period - Slapshot by Rick Nash.
19:13 of 2nd period - Stopped by Kristers Gudlevskis with a rebound.
19:32 of 2nd period - Minor Penalty to Mark Stuart for Roughing.
19:33 of 2nd period - Derick Brassard wins face-off versus Corey Perry in Canadiens zone.
19:34 of 2nd period - Wrist shot by Chris Kreider.
19:34 of 2nd period - Stopped by Kristers Gudlevskis without a rebound.
19:35 of 2nd period - Derick Brassard wins face-off versus Corey Perry in Canadiens zone.
19:50 of 2nd period - Snap shot by Chris Kreider.
19:50 of 2nd period - Shot Misses the Net.
19:52 of 2nd period - Snap shot by Derick Brassard.
19:52 of 2nd period - Deflect By Chris Kreider.
19:52 of 2nd period - Shot Blocked by Bryce Lampman.
19:52 of 2nd period - Puck is out of play.
19:53 of 2nd period - Corey Perry wins face-off versus Tim Connolly in Canadiens zone.
Goals for this period are 1 for Canadiens vs 1 for Blackhawks.
Shots for this period are 8 for Canadiens vs 11 for Blackhawks.
3rd period
0:01 of 3rd period - Derick Brassard wins face-off versus Henrik Sedin in neutral zone.
0:47 of 3rd period - Benoit Pouliot is hit by Chris Kreider and loses puck.
1:32 of 3rd period - Penalty to Mark Stuart is over, Mark Stuart is back on ice.
1:51 of 3rd period - Seth Jones is hit by Dustin Boyd and loses puck.
2:03 of 3rd period - Icing by Seth Jones.
2:04 of 3rd period - Pierre-Marc Bouchard wins face-off versus Alexander Wennberg in Blackhawks zone.
2:19 of 3rd period - Slapshot by Seth Jones.
2:19 of 3rd period - Shot Blocked by Pierre-Marc Bouchard.
2:59 of 3rd period - Wrist shot by Derick Brassard.
2:59 of 3rd period - Stopped by Kristers Gudlevskis with a rebound.
4:04 of 3rd period - Slapshot by Chris Kreider.
4:04 of 3rd period - Deflect By Colton Parayko.
4:04 of 3rd period - Stopped by Kristers Gudlevskis without a rebound.
4:05 of 3rd period - Frans Nielsen wins face-off versus Antoine Roussel in Canadiens zone.
4:05 of 3rd period - Frans Nielsen is hit by Brad Boyes.
4:15 of 3rd period - Snap shot by David Pastrnak.
4:15 of 3rd period - Stopped by Jonas Gustavsson with a rebound.
4:17 of 3rd period - Wrist shot by Colton Parayko.
4:17 of 3rd period - Stopped by Jonas Gustavsson with a rebound.
4:19 of 3rd period - Snap shot by Benoit Pouliot.
4:19 of 3rd period - Shot Misses the Net.
4:21 of 3rd period - Snap shot by David Pastrnak.
4:21 of 3rd period - Shot Misses the Net.
4:33 of 3rd period - Snap shot by Corey Perry.
4:33 of 3rd period - Stopped by Jonas Gustavsson without a rebound.
4:34 of 3rd period - Henrik Sedin wins face-off versus Derick Brassard in Blackhawks zone.
4:45 of 3rd period - Wrist shot by Chris Kreider.
4:45 of 3rd period - Stopped by Kristers Gudlevskis without a rebound.
4:46 of 3rd period - Henrik Sedin wins face-off versus Derick Brassard in Canadiens zone.
5:36 of 3rd period - Slapshot by John Carlson.
5:36 of 3rd period - Shot Blocked by Mark Stuart.
6:04 of 3rd period - Snap shot by Henrik Sedin.
6:04 of 3rd period - Shot Blocked by Garnet Hathaway.
6:16 of 3rd period - Slapshot by Raphael Diaz.
6:16 of 3rd period - Deflect By Dustin Boyd.
6:16 of 3rd period - Shot Misses the Net.
6:16 of 3rd period - Puck is out of play.
6:17 of 3rd period - Derick Brassard wins face-off versus Dustin Boyd in Blackhawks zone.
6:22 of 3rd period - Snap shot by Viktor Stalberg.
6:22 of 3rd period - Stopped by Jonas Gustavsson without a rebound.
6:23 of 3rd period - Henrik Sedin wins face-off versus Derick Brassard in Blackhawks zone.
7:30 of 3rd period - Minor Penalty to Dustin Boyd for Tripping.
7:31 of 3rd period - Derick Brassard wins face-off versus Corey Perry in Canadiens zone.
7:44 of 3rd period - Wrist shot by Chris Kreider.
7:44 of 3rd period - Shot Blocked by Raphael Diaz.
7:46 of 3rd period - Snap shot by Derick Brassard.
7:46 of 3rd period - Shot Hit the Post.
7:48 of 3rd period - Snap shot by Chris Kreider.
7:48 of 3rd period - Shot Misses the Net.
7:58 of 3rd period - Raphael Diaz is hit by Brad Boyes.
9:30 of 3rd period - Penalty to Dustin Boyd is over, Dustin Boyd is back on ice.
9:38 of 3rd period - Slapshot by Seth Jones.
9:38 of 3rd period - Stopped by Kristers Gudlevskis without a rebound.
9:39 of 3rd period - Alexander Wennberg wins face-off versus Dustin Boyd in Canadiens zone.
9:42 of 3rd period - Snap shot by Alexander Wennberg.
9:42 of 3rd period - Shot Misses the Net.
9:44 of 3rd period - Slapshot by Gabriel Bourque.
9:44 of 3rd period - Deflect By Alexander Wennberg.
9:44 of 3rd period - Shot Misses the Net.
9:44 of 3rd period - Puck is out of play.
9:45 of 3rd period - Frans Nielsen wins face-off versus Tim Connolly in Canadiens zone.
9:45 of 3rd period - Frans Nielsen is hit by Shea Weber.
10:13 of 3rd period - Snap shot by Frans Nielsen.
10:13 of 3rd period - Goal by Frans Nielsen - Canadiens : 3 - Blackhawks : 2.
10:14 of 3rd period - Chris Kreider wins face-off versus Henrik Sedin in neutral zone.
10:27 of 3rd period - Wrist shot by Chris Kreider.
10:27 of 3rd period - Stopped by Kristers Gudlevskis without a rebound.
10:28 of 3rd period - Derick Brassard wins face-off versus Henrik Sedin in Canadiens zone.
10:43 of 3rd period - Snap shot by Derick Brassard.
10:43 of 3rd period - Deflect By Chris Kreider.
10:43 of 3rd period - Shot Blocked by Greg Stewart.
10:43 of 3rd period - Puck is out of play.
10:44 of 3rd period - Cody Hodgson wins face-off versus Frans Nielsen in Canadiens zone.
10:51 of 3rd period - Antoine Roussel is hit by David Pastrnak.
10:55 of 3rd period - Snap shot by David Pastrnak.
10:55 of 3rd period - Shot Misses the Net.
11:31 of 3rd period - Minor Penalty to Raphael Diaz for Tripping.
11:32 of 3rd period - Derick Brassard wins face-off versus Corey Perry in Canadiens zone.
11:41 of 3rd period - Wrist shot by Derick Brassard.
11:41 of 3rd period - Stopped by Kristers Gudlevskis with a rebound.
11:43 of 3rd period - Snap shot by Dougie Hamilton.
11:43 of 3rd period - Deflect By Derick Brassard.
11:43 of 3rd period - Stopped by Kristers Gudlevskis with a rebound.
11:45 of 3rd period - Slapshot by Dougie Hamilton.
11:45 of 3rd period - Shot Blocked by Colton Parayko.
11:47 of 3rd period - Wrist shot by Chris Kreider.
11:47 of 3rd period - Stopped by Kristers Gudlevskis with a rebound.
11:49 of 3rd period - Slapshot by Dougie Hamilton.
11:49 of 3rd period - Stopped by Kristers Gudlevskis with a rebound.
13:07 of 3rd period - Benoit Pouliot is hit by Nick Leddy and loses puck.
13:31 of 3rd period - Penalty to Raphael Diaz is over, Raphael Diaz is back on ice.
13:40 of 3rd period - Snap shot by Dustin Boyd.
13:40 of 3rd period - Shot Blocked by John Carlson.
13:42 of 3rd period - Slapshot by Philip Larsen.
13:42 of 3rd period - Shot Hit the Post.
13:44 of 3rd period - Snap shot by Dustin Boyd.
13:44 of 3rd period - Deflect By Viktor Stalberg.
13:44 of 3rd period - Shot Misses the Net.
13:44 of 3rd period - Puck is out of play.
13:45 of 3rd period - Pierre-Marc Bouchard wins face-off versus Alexander Wennberg in Blackhawks zone.
14:10 of 3rd period - Matthew Spiller is hit by Frans Nielsen and loses puck.
14:15 of 3rd period - Wrist shot by David Pastrnak.
14:15 of 3rd period - Stopped by Jonas Gustavsson without a rebound.
14:16 of 3rd period - Derick Brassard wins face-off versus Frans Nielsen in Blackhawks zone.
14:54 of 3rd period - Wrist shot by Henrik Sedin.
14:54 of 3rd period - Shot Misses the Net.
14:56 of 3rd period - Wrist shot by Henrik Sedin.
14:56 of 3rd period - Shot Misses the Net.
15:27 of 3rd period - Minor Penalty to Chris Kreider for Interference.
15:28 of 3rd period - Henrik Sedin wins face-off versus Tim Connolly in Blackhawks zone.
17:27 of 3rd period - Penalty to Chris Kreider is over, Chris Kreider is back on ice.
17:36 of 3rd period - Wrist shot by Dustin Boyd.
17:36 of 3rd period - Shot Misses the Net.
17:55 of 3rd period - Shea Weber is hit by Cameron Gaunce.
18:35 of 3rd period - Wrist shot by Nikolai Zherdev.
18:35 of 3rd period - Shot Misses the Net.
18:41 of 3rd period - Slapshot by John Carlson.
18:41 of 3rd period - Stopped by Kristers Gudlevskis without a rebound.
18:42 of 3rd period - Pierre-Marc Bouchard wins face-off versus Cody Hodgson in Canadiens zone.
18:58 of 3rd period - Brett Maclean is hit by Dougie Hamilton and loses puck.
19:11 of 3rd period - Slapshot by Corey Perry.
19:11 of 3rd period - Shot Misses the Net.
19:43 of 3rd period - Slapshot by Greg Stewart.
19:43 of 3rd period - Stopped by Jonas Gustavsson with a rebound.
19:45 of 3rd period - Slapshot by Henrik Sedin.
19:45 of 3rd period - Shot Misses the Net.
19:47 of 3rd period - Wrist shot by Henrik Sedin.
19:47 of 3rd period - Shot Blocked by Derick Brassard.
19:53 of 3rd period - Slapshot by Corey Perry.
19:53 of 3rd period - Shot Misses the Net.
Goals for this period are 1 for Canadiens vs 0 for Blackhawks.
Shots for this period are 7 for Canadiens vs 10 for Blackhawks.